 Dungeon Crawl Stone Soup version 0.28.0-53-g5a82cb258f (webtiles) character file.

Game seed: 3944638832756754275

340 Tirrikindir the Skirmisher (level 6, 0/44 HPs)
             Began as an Octopode Fighter on Aug 8, 2022.
             Was a Priest of Sif Muna.
             Slain by an orc wizard
             ... wielding a +0 dagger
              (2 damage)
             ... on level 4 of the Dungeon.
             The game lasted 00:10:07 (4366 turns).

Tirrikindir the Skirmisher (Octopode Fighter)       Turns: 4366, Time: 00:10:08

Health: 0/44       AC:  1    Str: 17    XL:     6   Next: 56%
Magic:  7/7        EV: 14    Int: 10    God:    Sif Muna [***...]
Gold:   208        SH:  0    Dex: 14    Spells: 4/7 levels left

rFire   . . .      SeeInvis .   a - +0 long sword
rCold   . . .      Faith    .   b - +0 buckler
rNeg    . . .      Spirit   .   (helmet restricted)
rPois   .          Reflect  .   (no amulet)
rElec   .          Harm     .   (no ring)
rCorr   .          Rampage  .   (no ring)
Will    .....                   (no ring)
Stlth   ++........              (no ring)
HPRegen 0.14/turn               (no ring)
MPRegen 0.10/turn               (no ring)
                                (no ring)
                                (no ring)

@: confused, mighty, attractive, flying
A: almost no armour, amphibious, 8 rings, camouflage 1, gelatinous body 1,
(nimble swimmer 1), tentacles, strong 1, MP-powered wands
a: Renounce Religion, Channel Magic, Forget Spell


You were on level 4 of the Dungeon.
You worshipped Sif Muna.
Sif Muna was most pleased with you.
You visited 1 branch of the dungeon, and saw 4 of its levels.

You collected 208 gold pieces.

Inventory:

Hand Weapons
 a - a +0 long sword (weapon)
Missiles
 f - 4 boomerangs
 g - 3 poisoned darts (quivered)
Armour
 b - a +0 buckler (worn)
Wands
 i - a wand of mindburst (14)
 l - a wand of flame (27)
Scrolls
 j - a scroll of teleportation
Potions
 d - 2 potions of mutation
 e - a potion of brilliance


   Skills:
 * Level 4.4 Fighting
 * Level 3.8 Long Blades
 + Level 3.7 Dodging
 + Level 2.6 Stealth
 + Level 3.6 Shields
 + Level 1.1 Spellcasting
 + Level 1.4 Conjurations


You had 4 spell levels left.
You knew the following spells:

 Your Spells              Type           Power      Damage    Failure   Level
a - Stone Arrow           Conj/Erth      2%         3d7       71%         3

Your spell library contained the following spells:

 Spells                   Type           Power      Damage    Failure   Level
 Sandblast                Erth           0%         2d4       41%         1
 Static Discharge         Conj/Air       1%         N/A       45%         2
 Passwall                 Tmut/Erth      0%         N/A       56%         2
 Lightning Bolt           Conj/Air       0%         1d11      100%        5
 Iron Shot                Conj/Erth      0%         9d1       100%        6
 Statue Form              Tmut/Erth      0%         N/A       100%        6
 Maxwell's Capacitive Co  Air            0%         ∞         100%        8


Dungeon Overview and Level Annotations

Branches:
Dungeon (4/15)
 Temple: D:4-7

Altars:
Hepliaklqana
Sif Muna

Shops:
D:1 [   D:3 (


Innate Abilities, Weirdness & Mutations

You cannot wear most types of armour.
You are amphibious.
You can wear up to eight rings at the same time.
Your skin changes colour to match your surroundings (Stealth+).
Your rubbery body absorbs attacks. (AC +1, EV +1)
((You are camouflaged when in or above water. (Stealth+)))
You have tentacles for arms and can constrict up to eight enemies at once.
Your muscles are strong. (Str +2)
You expend magic power (3 MP) to strengthen your wands.


Message History

You hit the orc priest.
You kill the orc priest!
Sif Muna accepts your kill.
You hear some strange, mumbled words.
You are confused.
The kobold hits you with a +0 whip. Something hits you.
You're too confused to move!
The kobold hits you with a +0 whip. Something hits you.
You're too confused to move!
The kobold hits you with a +0 whip. Something hits you.
Okay, then.
You hit the kobold but do no damage.
Your tentacle-slap misses the kobold.
The kobold barely misses you. Something completely misses you.
You miss something. The kobold completely misses you.
You hear some strange, mumbled words.
A magic dart appears from out of thin air!
The magic dart hits you!
* * * LOW HITPOINT WARNING * * *
It was a potion of flight.
You feel very buoyant.
You fly up into the air.
The kobold barely misses you. Something hits you.
* * * LOW HITPOINT WARNING * * *
Okay, then.
You are too confused!
It was a potion of attraction.
You feel attractive to monsters. The kobold closely misses you.
Something barely misses you.
You feel less confused.
You hear some strange, mumbled words.
You are confused.
You slash something! Your squeeze misses something.
The kobold closely misses you.
You hear some strange, mumbled words.
Something tries to affect you, but you resist.
The kobold hits you with a +0 whip.
* * * LOW HITPOINT WARNING * * *
Okay, then.
You feel very mighty all of a sudden. Something hits you.
You die...

....###.### ..........
#.......# .###. #.....#
#####..... ####).#
#........
###.....###.##...#
#...........##...#####
#..##........#......... #.
#.@..###......##... .
#K{..# ##(#........
....####)...# #.#...#....
(...K.....######.#........
.........## #...###...##.
.o.......# ##.#.###....#.
....###.## #..#..##..#...
... ..#.#####.###....÷....
.. #...............#.....


You could see a kobold.

Vanquished Creatures
  A phantom (D:4)
  A water moccasin skeleton (D:4)
  A bullfrog zombie (D:3)
  An orc priest (D:4)
  An iguana (D:3)
  An orc wizard (D:3)
  2 adders
  A worm (D:2)
  A dart slug (D:1)
  6 orcs
  4 bats
  8 endoplasms
  A giant cockroach (D:1)
  10 goblins
  8 hobgoblins
  7 kobolds
  7 quokkas
  7 ball pythons
  2 frilled lizards
  12 rats
82 creatures vanquished.

Vanquished Creatures (others)
  10 plants (D:1)
10 creatures vanquished.

Grand Total: 92 creatures vanquished

Notes
Turn   | Place    | Note
-------+----------+-------------------------------------------
     0 | D:1      | Tirrikindir the Octopode Fighter began the quest for the
                  | Orb.
     0 | D:1      | Reached XP level 1. HP: 16/16 MP: 1/1
    73 | D:1      | Found a faded altar of an unknown god.
    96 | D:1      | Prayed at the altar of an unknown god.
    96 | D:1      | Became a worshipper of Sif Muna the Loreminder
    96 | D:1      | Reached * piety under Sif Muna
   140 | D:1      | Found Leshot Bico's Armour Emporium.
   155 | D:1      | Reached XP level 2. HP: 19/21 MP: 2/2
   321 | D:1      | Reached skill level 1 in Stealth
   770 | D:1      | Reached XP level 3. HP: 26/26 MP: 3/3
   947 | D:1      | Got the Handbook of Clay
   948 | D:1      | Gained mutation: You expend magic power (3 MP) to
                  | strengthen your wands. [potion of mutation]
   948 | D:1      | Gained mutation: Your muscles are strong. (Str +2) [potion
                  | of mutation]
  1093 | D:1      | Reached ** piety under Sif Muna
  1749 | D:2      | Reached XP level 4. HP: 32/32 MP: 4/4
  1757 | D:2      | Learned a level 3 spell: Stone Arrow
  1899 | D:2      | Found a hazy altar of Hepliaklqana.
  2591 | D:3      | Found Veickyl's Weapon Shop.
  2758 | D:3      | Reached XP level 5. HP: 7/37 MP: 5/5
  3221 | D:3      | Reached skill level 4 in Fighting
  3881 | D:4      | Reached skill level 1 in Conjurations
  3883 | D:4      | Noticed a phantom
  3896 | D:4      | Killed a phantom
  3896 | D:4      | Reached *** piety under Sif Muna
  3897 | D:4      | Reached XP level 6. HP: 9/43 MP: 5/7
  4102 | D:4      | Reached skill level 1 in Spellcasting
  4365 | D:4      | HP: 2/44 [kobold/+0 whip (3)]
  4366 | D:4      | Slain by an orc wizard

Illustrated notes

Levels and vault maps discovered:
D:1:      scummos_arrival_star, layout_basic, serial_shops,
          nicolae_diamond_shop, dilly_ecumenical_altar_fadedgnrine,
          minmay_tetromino_t4
D:2:      layout_basic, basic_altar, nicolae_figureground_sparkle
D:3:      kb_forest_paths, layout_basic, serial_shops, shop,
          nicolae_elevator_lobby_plus
D:4:      layout_rooms, serial_curves, eino_curves_01, eino_curves_04

Skill      XL: |  1  2  3  4  5  6 |
---------------+-------------------+-----
Stealth        | 1 2 |  2.6
Long Blades    | 3 |  3.8
Fighting       | 4 |  4.4
Conjurations   | 1 |  1.4
Spellcasting   | 1 |  1.1
Dodging        | |  3.7
Shields        | |  3.6

Action                   |  1- 3 |  4- 6 || total
-------------------------+-------+-------++-------
Melee: Long sword        |    70 |    91 ||   161
       Constrict         |    23 |    17 ||    40
       Tentacles         |    10 |    14 ||    24
       Punch             |     3 |       ||     3
Throw: Dart              |       |     6 ||     6
  Use: Scroll            |     4 |     1 ||     5
       Potion            |     2 |     4 ||     6
 Stab: Sleeping          |    12 |     5 ||    17
Armor: Skin              |     2 |    10 ||    12
Dodge: Dodged            |    32 |    64 ||    96
Block: Buckler           |     6 |    16 ||    22
